 Dungeon Crawl Stone Soup version 0.31-a0-1539-g569d6c7dce (webtiles) character file.

Game seed: 6668361101597187345

28 Goblin1989 the Covert (level 3, 19/19 HPs)
             Began as a Spriggan Delver on Jan 1, 2024.
             Quit the game on level 8 of the Dungeon.
             The game lasted 00:02:21 (175 turns).

Goblin1989 the Covert (Spriggan Delver)              Turns: 175, Time: 00:02:21

Health: 19/19      AC:  2    Str:  8    XL:     3   Next: 0%
Magic:  4/4        EV: 17    Int: 11    God:
Gold:   25         SH:  0    Dex: 18    Spells: 2/2 levels left

rFire   . . .        a - +0 short sword
rCold   . . .        (no shield)
rNeg    . . .        b - +0 robe
rPois   .            (helmet restricted)
rElec   .            (no cloak)
rCorr   .            (gloves unavailable)
SInv    +            (boots unavailable)
Will    .....        (no amulet)
Stlth   ++++         (no ring)
HPRegen 0.23/turn    (no ring)
MPRegen 0.09/turn

%: no passive effects
@: very quick
A: very small, no large weapons, unfitting armour, see invisible, speed 3
a: no special abilities


You were on level 8 of the Dungeon.
You visited 1 branch of the dungeon, and saw 4 of its levels.

You collected 25 gold pieces.

Inventory:

Hand Weapons
 a - a +0 short sword (weapon)
Armour
 b - a +0 robe (worn)
Wands
 g - a wand of digging (7) {@v3}
Scrolls
 c - 2 scrolls of fog
 d - a scroll of revelation
 e - a scroll of fear
 h - a scroll of immolation {unknown}
 i - a scroll of teleportation {unknown}
Potions
 f - a potion of haste {@q3,}


   Skills:
 - Level 2.4 Fighting
 - Level 2.1 Short Blades
 - Level 2.6 Dodging
 + Level 8.7 Stealth


You had 2 spell levels left.
You didn't know any spells.
Your spell library was empty.

Dungeon Overview and Level Annotations

Branches:
Dungeon (8/15) Zot: 23890
 Temple: D:4-7         Lair: D:8-11

Altars:

Annotations:
D:6 exclusion: ice beast


Innate Abilities, Weirdness & Mutations

You are very small and have problems with some larger weapons.
You are too small for most types of armour.
You have supernaturally acute eyesight. (SInv)
You cover ground extremely quickly. (Speed+++)


Message History

Bad monster_list_colour key: strict_neutral Options error: Unknown explore stop condition 'gates' (~/.crawlrc:83)
You become an insubstantial wisp!
Welcome, Goblin1989 the Spriggan Delver.
The terrific Orb of Zot lies far below, as if waiting for you to find it.
Press ? for a list of commands and other information.
Found a stone staircase leading down.
Found 5 stones and a wand of digging (5).
Found a stone staircase leading up.
Found a ring mail.
Found a stone staircase leading up.
g - a wand of digging (8) {@v3} (gained 5 charges)
Found a stone staircase leading down.
You see here 5 stones.
An ogre comes into view. It is wielding a +0 giant club.
There is a stone staircase leading down here.
You climb downwards.
Found a clear potion.
There is a stone staircase leading up here.
A jelly comes into view.
There is a stone staircase leading up here.
Found a trident and 13 gold pieces.
You now have 13 gold pieces.
Found a scroll labelled VUMIBOKHL LUUD.
h - a scroll labelled VUMIBOKHL LUUD
Found a scroll labelled RENNAH WIUNUE.
i - a scroll labelled RENNAH WIUNUE
Found a stone staircase leading down.
An ice beast comes into view.
Placed new exclusion.
Press: ? - help, v - describe, . - travel A rock wall.
Unknown command.
There's nothing to close nearby.
Unknown command.
Aiming: Dig
Press: ? - help, Shift-Dir - straight line A rock wall.
The rock shatters into small pieces.
An ogre comes into view. It is wielding a +0 giant spiked club.
The ogre shouts!
There is a stone staircase leading down here.
You climb downwards.
There is a stone staircase leading up here.
Found 6 poisoned darts and a scroll of fog.
Found 12 gold pieces.
Found 6 stones.
Found 3 stones.
c - 2 scrolls of fog (gained 1)
You now have 25 gold pieces (gained 12).
Found a stone staircase leading down.
Found 2 smoky puce potions.
A hound comes into view.
Found a coppery potion.
The hound barks!
An ogre comes into view. It is wielding a +0 giant club.
The ogre shouts!
You see here 6 stones.
Found 19 gold pieces.
There is a stone staircase leading down here.
You climb downwards.
There is a stone staircase leading up here.
Okay, then.
Found a spear.
A water moccasin comes into view.
Found a scroll of fear and 6 stones.
An orc priest comes into view. It is wielding a +1 heavy flail.
An orc comes into view.
It is wielding a +1 flail of holy wrath.
The helpless orc priest fails to defend itself.
You impale the orc priest!!
You kill the orc priest!
Your Stealth skill increases to level 8!
You have reached level 2!
You have reached level 3!
Your experience leads to an increase in your attributes!
Increase (s)trength, (i)ntelligence, or (d)exterity?
You feel agile. x2
Health restored: 19; MP restored: 4 An orc comes into view.
It is wielding a +0 falchion.
Found a fluorescent wand.
The orc shouts!
You see here a scroll of fear.
Are you sure you want to abandon this character and quit the game? (Confirm with "yes".)

...███ (..█<█ .S█.█
..█.█ █.█.█ █.█.████████
██.██████████.█.......).
........................
.......@.████.█.████████
...█.....█ █.█...
█...o.█ █.█.███ ███.███
█.█.█ █..o████.█.█
......)..█..
██.......████ █........
█........█


You could see an orc.

Vanquished Creatures
  An orc priest (D:8)
1 creature vanquished.

Notes
Turn   | Place    | Note
-------+----------+-------------------------------------------
     0 | D:5      | Goblin1989 the Spriggan Delver began the quest for the Orb.
     0 | D:5      | Reached XP level 1. HP: 11/11 MP: 2/2
    19 | D:5      | Noticed an ogre
    24 | D:6      | Noticed a jelly
    83 | D:6      | Noticed an ice beast
   100 | D:6      | Noticed an ogre
   129 | D:7      | Noticed a hound
   138 | D:7      | Noticed an ogre
   156 | D:8      | Noticed a water moccasin
   161 | D:8      | Noticed an orc priest
   163 | D:8      | Killed an orc priest
   164 | D:8      | Reached skill level 8 in Stealth
   164 | D:8      | Reached XP level 2. HP: 16/16 MP: 3/3
   164 | D:8      | Reached XP level 3. HP: 19/19 MP: 4/4
   175 | D:8      | Quit the game

Illustrated notes

Levels and vault maps discovered:
D:5:      layout_rooms, dancing_weapons_uskayaw,
          mainiacjoe_overflow_concentric_impassable, serial_bayou_pond_e
D:6:      layout_loops_cross, nicolae_wu_jian_immortal_techniques,
          nicolae_shop_firing_range
D:7:      layout_rooms, minmay_temple_entry_gardened_gates
D:8:      layout_basic, grunt_lair_entry_orc_guard_hut

Skill      XL: |  1 |
---------------+----+-----
Stealth        | 8 |  8.7
Fighting       | |  2.4
Short Blades   | |  2.1
Dodging        | |  2.6

Action                     || total
---------------------------++-------
  Melee: Short sword       ||     1
  Evoke: Wand              ||     1
   Stab: Sleeping          ||     1

Table legend: (Time is in decaauts)
 A = Elapsed time spent in this place.
 B = Non-inter-level travel time spent in this place.
 C = Inter-level travel time spent in this place.
 D = Time resting spent in this place.
 E = Time spent auto-exploring this place.
 F = Levels seen in this place.
 G = Mean time per level.
                   A        B        C        D        E       F      G
               +--------+--------+--------+--------+--------+-----+--------+
         Total |    109 |    109 |      0 |      0 |      0 |   4 |   27.2 |
       Dungeon |    109 |    109 |      0 |      0 |      0 |   4 |   27.2 |
               +--------+--------+--------+--------+--------+-----+--------+

Top non-repeatable levels by time:
     D:6: 50 daAuts
     D:7: 28 daAuts
     D:8: 16 daAuts
     D:5: 14 daAuts
